 Dungeon Crawl Stone Soup version 0.25-a0-258-g6d7e32a812 (webtiles) character file.

Game seed: 7034534397944488243, levelgen mode: deterministic

52319 jangnara the Thaumaturge (level 14, -1/86 HPs)
             Began as a Deep Elf Air Elementalist on Dec 6, 2019.
             Was a High Priest of Vehumet.
             Slain by a minotaur
             ... wielding the +10 rapier of Checks and Balances {vamp, rF+}
              (33 damage)
             ... in a Gauntlet.
             The game lasted 02:06:59 (23272 turns).

jangnara the Thaumaturge (DEAE)                    Turns: 23272, Time: 02:06:59

Health: -1/86      AC: 12    Str:  9    XL:     14   Next: 26%
Magic:  28/50      EV: 12    Int: 22    God:    Vehumet [*****.]
Gold:   1261       SH:  0    Dex: 15    Spells: 2/38 levels left

rFire    . . .     SeeInvis .   b - staff of conjuration
rCold    . . .     Gourm    .   (no shield)
rNeg     . . .     Faith    .   F - +0 troll leather armour
rPois    .         Spirit   .   m - +1 helmet
rElec    .         Reflect  .   u - scarf {repulsion}
rCorr    .         Harm     .   S - +2 pair of gloves of the Kangaroo {Regen+}
MR       +....     NoTele   +   C - +0 pair of boots
Stlth    ++........             (no amulet)
HPRegen  2.04/turn              U - ring of magical power
MPRegen  0.32/turn              w - ring of magical power

@: regenerating (expiring), repel missiles
A: no striking features
a: Renounce Religion


You were in a Gauntlet.
You worshipped Vehumet.
Vehumet was extremely pleased with you.
You were not hungry.

You visited 3 branches of the dungeon, and saw 17 of its levels.
You also visited: Ossuary, Bailey and Gauntlet.

You collected 1261 gold pieces.

Inventory:

Hand Weapons
 a - the +6 falchion "Rekkep" {holy, rPois rF+ Dex-2}
   (You found it on level 13 of the Dungeon)

   It has been blessed by the Shining One to cause great damage to the undead
   and demons.
   It affects your dexterity (-2).
   It protects you from fire.
   It protects you from poison.
 p - a +9 dagger of venom
Missiles
 k - 3 javelins
 D - 4 silver boomerangs
 J - 3 curare-tipped darts
 L - 9 poisoned darts (quivered)
Armour
 m - a +1 helmet (worn)
 n - a +0 ring mail of cold resistance
 u - a scarf of repulsion (worn)
 x - a +2 cloak of invisibility
 A - the +5 chain mail of Syndicalism {rC+ MR+ Str+2}
   (You found it on level 5 of the Dungeon)

   It affects your strength (+2).
   It protects you from cold.
   It affects your resistance to hostile enchantments.
 C - a +0 pair of boots (worn)
 F - a +0 troll leather armour (worn)
 M - a +0 helmet of see invisible
 S - the +2 pair of gloves of the Kangaroo (worn) {Regen+}
   (You found it in a Gauntlet)

   It increases your rate of regeneration.
Magical Staves
 b - an uncursed staff of conjuration (weapon)
 V - an uncursed staff of wizardry
Jewellery
 w - a ring of magical power (right hand)
 N - the ring "Ulaig" {rElec rC+ Str-5 Slay+2}
   (You found it on level 8 of the Dungeon)

   [ring of protection from cold]

   It affects your strength (-5).
   It affects your accuracy and damage with ranged weapons and melee attacks
   (+2).
   It protects you from cold.
   It insulates you from electricity.
 U - a ring of magical power (left hand)
Wands
 r - a wand of flame (25)
 v - a wand of acid (8)
 H - a wand of enslavement (6)
 I - a wand of paralysis (4)
 P - a wand of digging (12)
 W - a wand of iceblast (6)
Scrolls
 d - a scroll of magic mapping
 g - 2 scrolls of fear
 h - 2 scrolls of teleportation
 o - 7 scrolls of remove curse
 s - 5 scrolls of amnesia
 B - 3 scrolls of silence
 K - a scroll of enchant weapon
 Q - 6 scrolls of enchant armour
 T - 3 scrolls of fog
Potions
 e - 2 potions of agility
 f - 2 potions of might
 i - 5 potions of brilliance
 j - 4 potions of curing
 l - 3 potions of resistance
 q - 2 potions of haste
 t - 2 potions of ambrosia
 y - 2 potions of heal wounds
 z - 3 potions of berserk rage
 G - 4 potions of flight
 O - a potion of cancellation {unknown}
Miscellaneous
 R - a lightning rod (2/4)
Comestibles
 c - 26 rations
 E - 7 chunks of flesh


   Skills:
 * Level 9.0 Fighting
 - Level 4.0(4.1) Short Blades
 - Level 0.7(2.4) Long Blades
 * Level 8.8 Armour
 - Level 2.4 Dodging
 - Level 2.4 Stealth
 + Level 12.7 Spellcasting
 + Level 10.4 Conjurations
 - Level 1.5 Charms
 - Level 1.1 Necromancy
 + Level 0.4 Transmutations
 - Level 4.0 Fire Magic
 - Level 7.0 Ice Magic
 - Level 11.8 Air Magic
 + Level 0.2 Earth Magic
 - Level 6.0 Evocations


You had 2 spell levels left.
You knew the following spells:

 Your Spells              Type           Power        Failure   Level  Hunger
a - Shock                 Conj/Air       ####         1%          1    None
b - Swiftness             Chrm/Air       #####...     1%          2    None
c - Airstrike             Air            ######....   1%          4    None
d - Static Discharge      Conj/Air       #######.     1%          3    None
e - Animate Skeleton      Necr           N/A          3%          1    None
f - Regeneration          Chrm/Necr      ###.......   10%         3    None
g - Lightning Bolt        Conj/Air       #######...   1%          5    ###....
h - Apportation           Tloc           ##....       6%          1    None
i - Conjure Flame         Conj/Fire      ######..     1%          3    None
j - Passwall              Tmut/Erth      ###.....     8%          2    None
k - Freezing Cloud        Conj/Ice/Air   ######....   4%          6    #####..
l - Fireball              Conj/Fire      ######....   2%          5    ###....

Your spell library contained the following spells:

 Spells                   Type           Power        Failure   Level  Hunger
 Fulminant Prism          Conj/Hex       ######....   1%          4    None
 Foxfire                  Conj/Fire      ####         1%          1    None
 Sandblast                Erth           ###...       1%          1    None
 Pain                     Necr           ###.         3%          1    None
 Confusing Touch          Hex            ##....       6%          1    None
 Summon Butterflies       Summ           ##......     6%          1    None
 Summon Small Mammal      Summ           ##..         6%          1    None
 Stone Arrow              Conj/Erth      ######       1%          3    None
 Sticky Flame             Conj/Fire      ######..     1%          4    None
 Inner Flame              Hex/Fire       ###.....     2%          3    None
 Vampiric Draining        Necr           ###.......   11%         3    None
 Summon Ice Beast         Ice/Summ       ####....     14%         4    None
 Call Canine Familiar     Summ           ##......     17%         3    None
 Animate Dead             Necr           N/A          34%         4    None
 Lee's Rapid Deconstruct  Erth           ###.......   36%         5    ###....
 Petrify                  Tmut/Erth      ###.....     45%         4    None
 Summon Mana Viper        Hex/Summ       ##......     85%         5    ###....
 Summon Hydra             Summ           ##........   100%        7    ######.


Dungeon Overview and Level Annotations

Branches:
Dungeon (15/15)            Temple (1/1) D:5            Lair (1/6) D:11
    Orc (0/2) D:10         Vaults (0/5) D:14         Depths (0/5) D:15
Ossuary (visited)          Bailey (visited)         Gauntlet (1/1)

Altars:
Ashenzari
Cheibriados
Dithmenos
Elyvilon
Fedhas
Gozag
Hepliaklqana
Kikubaaqudgha
Makhleb
Nemelex Xobeh
Okawaru
Qazlal
Ru
Sif Muna
Trog
Uskayaw
Vehumet
Wu Jian
Xom
Yredelemnul
Zin
The Shining One

Annotations:
D:3 exclusion: 2 downstairs
D:4 exclusion: downstairs, Grinder, Menkaure
D:5 1 runed translucent door, exclusion: downstairs
D:6 exclusion: downstairs
D:8 exclusion: downstairs
D:11 exclusion: downstairs
D:12 exclusion: downstairs
D:13 exclusion: downstairs
D:14 exclusion: downstairs Gauntlet 6 transporters, 2 runed translucent doors, exclusion: orange crystal statue


Message History

Casting: Airstrike (safe; 1% risk of failure)
Confirm with . or Enter, or press ? or * to list all spells.
Aiming: Airstrike (safe; 1% risk of failure)
Press: ? - help, Dir - move target cursor, f/p - minotaur
Aim: a minotaur, wielding the +10 rapier of Checks and Balances {vamp, rF+} and wearing a +0 chain mail (moderately wounded)
The air twists around and strikes the minotaur!
The minotaur is heavily wounded.
Your skin is crawling a little less now.
The minotaur hits you with the +10 rapier of Checks and Balances {vamp, rF+}!!
* * * LOW HITPOINT WARNING * * *
The minotaur draws strength from your wounds!
The minotaur gores you.
* * * LOW HITPOINT WARNING * * *
You feel much better.
The minotaur hits you with the +10 rapier of Checks and Balances {vamp, rF+}!!
* * * LOW HITPOINT WARNING * * *
The minotaur gores you but does no damage.
You feel much better.
The minotaur hits you with the +10 rapier of Checks and Balances {vamp, rF+}!!
You die...

+## ⌠.# ..# .⌠+ H. .#
#######'######
#....@H.......
#.###.###.###.
#............
###.###.###.#
####.###.###.###
#...............
#...............
#####......####
#########.©..©.###########


You could see a minotaur.

Vanquished Creatures
  Kirke (D:15)
  An emperor scorpion (D:15)
  Azrael (D:14)
  7 vault guards (D:14)
  A hydra (D:14)
  3 centaur warriors
  A tengu warrior (D:14)
  6 two-headed ogres
  A deep elf knight (Bailey)
  An orc knight (D:15)
  A necromancer (Gauntlet)
  5 ugly things
  5 manticores
  11 deep elf magi
  9 cyclopes
  A torpor snail (shapeshifter) (D:13)
  A komodo dragon (shapeshifter) (Gauntlet)
  A kobold demonologist (D:11)
  A freezing wraith (D:15)
  An efreet (D:15)
  4 trolls
  2 hornets
  3 meliai (D:15)
  2 slime creatures (D:15)
  9 hippogriffs
  A spriggan (D:8)
  18 yaks
  A vampire (D:14)
  A shadow (D:13)
  2 fire elementals (D:14)
  A wyvern (D:10)
  A golden eye (shapeshifter) (D:15)
  Grum (D:8)
  5 hogs (D:15)
  3 hungry ghosts
  2 water moccasins
  An acid dragon (D:11)
  An acid dragon (shapeshifter) (Gauntlet)
  2 hell hounds (D:14)
  A porcupine (Lair:1)
  Duvessa (D:7)
  2 black bears
  2 eyes of draining
  9 orc warriors
  2 ice beasts
  4 sky beasts
  2 hornet zombies
  8 ogres
  6 necrophages
  A phantom (D:7)
  8 wolves
  3 centaurs
  A crocodile (Lair:1)
  Blork the orc (D:5)
  5 bullfrogs
  2 big kobolds
  A wyvern zombie (D:8)
  Dowan (D:7)
  3 scorpions
  11 killer bees
  12 wights
  7 howler monkeys
  3 centaur zombies
  4 crimson imps
  7 jellies
  A quasit (D:9)
  Crazy Yiuf (D:5)
  8 centaur skeletons
  15 orc priests
  5 hounds
  19 orc wizards
  A gnoll shaman (D:8)
  5 worker ants
  7 iguanas
  A hound skeleton (D:8)
  2 hound zombies
  2 mummies (Ossuary)
  A worker ant zombie (D:7)
  11 gnolls
  10 adders
  3 shadow imps
  An adder zombie (D:8)
  An adder skeleton (D:9)
  3 worms
  5 leopard geckos
  A leopard gecko (shapeshifter) (Gauntlet)
  50 orcs
  6 giant cockroaches
  6 gnoll zombies (Ossuary)
  4 goblins
  6 hobgoblins
  14 jackals
  5 kobolds
  14 quokkas
  6 bats
  4 frilled lizards
  3 goblin zombies (Ossuary)
  4 hobgoblin zombies (Ossuary)
  A jackal skeleton (D:4)
  An orc zombie (Ossuary)
  A quokka skeleton (D:6)
  6 rats
460 creatures vanquished.

Vanquished Creatures (collateral kills)
  Frances (D:14)
  A vault guard (D:14)
  A manticore (D:12)
  An orc warrior (D:15)
  An ice beast (D:9)
  An ogre (D:6)
  2 bullfrogs (D:14)
  A bullfrog zombie (D:9)
  An orc wizard (D:13)
  3 orcs
13 creatures vanquished.

Vanquished Creatures (others)
  An unseen horror (D:13)
  A human (D:2)
  A fungus (Gauntlet)
3 creatures vanquished.

Grand Total: 476 creatures vanquished

Notes
Turn   | Place    | Note
-------+----------+-------------------------------------------
     0 | D:1      | jangnara the Deep Elf Air Elementalist began the quest for
                  | the Orb.
     0 | D:1      | Reached XP level 1. HP: 10/10 MP: 6/6
   279 | D:1      | Reached XP level 2. HP: 15/15 MP: 5/8
   285 | D:1      | Learned a level 2 spell: Swiftness
  1360 | D:2      | Reached XP level 3. HP: 18/19 MP: 1/10
  1613 | D:2      | Found an ancient bone altar of Kikubaaqudgha.
  1614 | D:2      | Noticed a human
  1616 | D:2      | Killed a human
  1808 | D:2      | Reached skill level 1 in Armour
  1879 | D:2      | Found a glowing silver altar of Zin.
  2059 | D:3      | Reached skill level 4 in Spellcasting
  2324 | D:3      | Reached XP level 4. HP: 7/24 MP: 2/12
  2556 | D:3      | Learned a level 4 spell: Airstrike
  3034 | D:4      | Found a sand-covered staircase.
  3080 | D:4      | Noticed Menkaure
  3116 | D:3      | Reached XP level 5. HP: 21/28 MP: 1/14
  3219 | D:4      | Learned a level 3 spell: Static Discharge
  3220 | Ossuary  | Entered an ossuary
  4005 | D:4      | Reached skill level 5 in Spellcasting
  4289 | D:4      | You fall into a shaft and drop 1 floor!
  4289 | D:5      | Entered Level 5 of the Dungeon
  4759 | D:5      | Found a runed translucent door.
  4760 | D:5      | Noticed Crazy Yiuf
  4798 | D:5      | Found a staircase to the Ecumenical Temple.
  4834 | Temple   | Entered the Ecumenical Temple
  4930 | Temple   | Became a worshipper of Vehumet
  5055 | D:5      | Noticed a sky beast
  5100 | D:5      | Reached XP level 6. HP: 28/32 MP: 2/16
  5195 | D:5      | Got a warped chain mail
  5196 | D:5      | Identified the +5 chain mail of Syndicalism {rC+ MR+ Str+2}
                  | (You found it on level 5 of the Dungeon)
  5299 | D:5      | Noticed Grinder
  5625 | D:5      | Paralysed by Grinder for 6 turns
  5723 | D:5      | Learned a level 1 spell: Animate Skeleton
  5784 | D:5      | Found a runed translucent door.
  5784 | D:5      | Found a glowing silver altar of Zin.
  5784 | D:5      | Noticed an angel
  5935 | D:5      | Killed Crazy Yiuf
  5935 | D:5      | Reached skill level 6 in Spellcasting
  6028 | D:5      | Killed a sky beast
  6028 | D:5      | Reached skill level 1 in Fighting
  6146 | D:5      | Noticed Blork the orc
  6148 | D:5      | Killed Blork the orc
  6148 | D:5      | Reached XP level 7. HP: 38/38 MP: 13/18
  6260 | D:6      | Noticed a troll
  6474 | D:6      | Reached skill level 7 in Spellcasting
  6587 | D:6      | Reached skill level 5 in Air Magic
  6592 | D:6      | Reached * piety under Vehumet
  6592 | D:6      | Offered knowledge of Sandblast by Vehumet.
  7177 | D:6      | Reached XP level 8. HP: 38/45 MP: 11/21
  7266 | D:6      | Learned a level 3 spell: Regeneration
  7303 | D:6      | Reached skill level 1 in Short Blades
  7569 | D:6      | Killed a troll
  7569 | D:6      | Reached skill level 8 in Spellcasting
  7569 | D:6      | Reached skill level 1 in Evocations
  8457 | D:7      | Noticed a hippogriff
  8459 | D:7      | Killed a hippogriff
  8459 | D:7      | Reached XP level 9. HP: 51/51 MP: 14/23
  8741 | D:7      | Reached skill level 9 in Spellcasting
  8874 | D:7      | Got a dazzling war axe
  8875 | D:7      | Identified the cursed +2 war axe of the Empty Page {chop,
                  | Dex+2} (You found it on level 7 of the Dungeon)
  8976 | D:7      | Noticed Duvessa
  8989 | D:7      | Killed Duvessa
  8989 | D:7      | Reached ** piety under Vehumet
  8989 | D:7      | Offered knowledge of Foxfire by Vehumet.
  9380 | D:7      | Learned a level 5 spell: Lightning Bolt
  9601 | D:7      | Noticed Dowan
  9635 | D:6      | Offered knowledge of Mephitic Cloud by Vehumet.
  9762 | D:7      | Reached skill level 5 in Conjurations
  9809 | D:7      | Killed Dowan
  9809 | D:7      | Reached skill level 10 in Spellcasting
 10136 | D:8      | Reached XP level 10. HP: 49/56 MP: 19/26
 10203 | D:8      | Reached *** piety under Vehumet
 10489 | D:8      | Noticed Grum
 10508 | D:8      | Killed Grum
 10630 | D:8      | Learned a level 1 spell: Apportation
 10672 | D:8      | Got a steaming iron ring
 11172 | D:8      | Identified the ring "Ulaig" {rElec rC+ Str-5 Slay+2} (You
                  | found it on level 8 of the Dungeon)
 11223 | D:9      | Offered knowledge of Conjure Flame by Vehumet.
 11228 | D:9      | Learned a level 3 spell: Conjure Flame
 11541 | D:9      | Noticed a two-headed ogre
 11612 | D:9      | Killed a two-headed ogre
 11612 | D:9      | Reached skill level 11 in Spellcasting
 11612 | D:9      | Reached skill level 5 in Evocations
 11818 | D:9      | Learned a level 2 spell: Passwall
 11902 | D:9      | Reached skill level 5 in Armour
 12241 | D:9      | Reached skill level 5 in Fighting
 12548 | D:10     | Entered Level 10 of the Dungeon
 12561 | D:10     | Reached **** piety under Vehumet
 12639 | D:10     | Reached XP level 11. HP: 63/63 MP: 18/28
 12719 | D:10     | Offered knowledge of Hailstorm by Vehumet.
 12882 | D:10     | Identified the +0 scale mail of Summertime {SInv Stlth+}
                  | (You found it on level 10 of the Dungeon)
 13009 | D:10     | Noticed a two-headed ogre
 13033 | D:10     | Killed a two-headed ogre
 13332 | D:10     | Reached skill level 1 in Fire Magic
 13443 | D:10     | Found a staircase to the Orcish Mines.
 13970 | D:11     | Reached skill level 1 in Charms
 13992 | D:11     | Reached skill level 12 in Spellcasting
 14046 | D:11     | Noticed a two-headed ogre
 14050 | D:11     | Killed a two-headed ogre
 14231 | D:11     | Found a sparkling altar of Nemelex Xobeh.
 14266 | D:11     | Reached ***** piety under Vehumet
 14277 | D:11     | Offered knowledge of Freezing Cloud by Vehumet.
 15376 | D:11     | Noticed a red ugly thing
 15456 | D:11     | Noticed a two-headed ogre
 15463 | D:11     | Killed a two-headed ogre
 15602 | D:11     | Killed a red ugly thing
 15737 | D:11     | Found a staircase to the Lair.
 16082 | D:12     | Reached XP level 12. HP: 36/70 MP: 17/30
 16296 | D:12     | Reached skill level 10 in Air Magic
 17432 | D:13     | Reached skill level 1 in Necromancy
 17496 | D:13     | Noticed a centaur warrior
 17577 | D:13     | Noticed a centaur warrior
 17648 | D:13     | Learned a level 6 spell: Freezing Cloud
 17658 | D:13     | Killed a centaur warrior
 17695 | D:13     | Found a flagged portal.
 17709 | Bailey   | Entered a bailey
 17902 | Bailey   | Reached skill level 1 in Ice Magic
 18499 | D:13     | Killed a centaur warrior
 18650 | D:13     | Got a crystal falchion
 19019 | D:13     | Identified the +6 falchion "Rekkep" {holy, rPois rF+ Dex-2}
                  | (You found it on level 13 of the Dungeon)
 19135 | D:14     | Noticed a tengu warrior
 19139 | D:14     | Killed a tengu warrior
 19139 | D:14     | Reached XP level 13. HP: 76/76 MP: 19/31
 19394 | D:14     | Found a gate to the Vaults.
 19400 | D:14     | Offered knowledge of Fulminant Prism by Vehumet.
 19403 | D:14     | Reached skill level 5 in Ice Magic
 19406 | D:14     | Found a blossoming altar of Fedhas.
 19406 | D:14     | Noticed Azrael
 19410 | D:14     | Noticed Frances
 19671 | D:14     | Killed Frances
 20342 | D:14     | Killed Azrael
 20644 | D:14     | Learned a level 5 spell: Fireball
 20768 | D:15     | Entered Level 15 of the Dungeon
 21649 | D:15     | Noticed Kirke
 21650 | D:15     | Reached XP level 14. HP: 84/84 MP: 21/32
 21657 | D:15     | Reached skill level 10 in Conjurations
 21670 | D:15     | Killed Kirke
 21893 | D:15     | Noticed an emperor scorpion
 22303 | D:15     | Killed an emperor scorpion
 22478 | D:15     | Found a staircase to the Depths.
 22797 | Lair:1   | Entered Level 1 of the Lair of Beasts
 22834 | Lair:1   | Found a gate leading to a gauntlet.
 22850 | Gauntlet | Entered a Gauntlet
 22850 | Gauntlet | Found a transporter.
 22850 | Gauntlet | Found a transporter.
 22850 | Gauntlet | Found a transporter.
 22872 | Gauntlet | Found a transporter.
 22882 | Gauntlet | Found a transporter.
 22887 | Gauntlet | Found a transporter.
 22897 | Gauntlet | Found a transporter.
 22912 | Gauntlet | Found a runed translucent door.
 22914 | Gauntlet | Found a transporter.
 22916 | Gauntlet | Found a runed translucent door.
 22919 | Gauntlet | Found a transporter.
 22922 | Gauntlet | Found a transporter.
 22930 | Gauntlet | Found a transporter.
 22933 | Gauntlet | Found a transporter.
 23207 | Gauntlet | Got a pair of ancient gloves
 23218 | Gauntlet | Identified the +2 pair of gloves of the Kangaroo {Regen+}
                  | (You found it in a Gauntlet)
 23262 | Gauntlet | Identified the +10 rapier of Checks and Balances {vamp,
                  | rF+}
 23271 | Gauntlet | HP: 2/86 [minotaur/the +10 rapier of Checks and Balances
                  | {vamp, rF+} (23)]
 23272 | Gauntlet | Slain by a minotaur

Levels and vault maps discovered:
D:1:      matt_arrival_spirals, layout_basic
D:2:      layout_basic, zin_scriptorium, tgw_kikubaaqudgha
D:3:      layout_rooms, kennysheep_generic_room_14
D:4:      layout_basic, first_ration, chequers_ossuary_entry_cave, uniq_menkaure
D:5:      layout_rooms, minmay_temple_entry_trees, lemuel_angel_altar,
          uniq_blork_the_orc, uniq_crazy_yiuf_cottage, uniq_grinder
D:6:      cheibrodos_fzero, layout_layer_cave
D:7:      minmay_chambers_of_sixes, layout_cave_pools, uniq_duvessa
D:8:      layout_loops_ring, serial_undead, serial_undead_d, serial_undead_d,
          serial_undead_a, serial_undead_b, serial_undead_f, the_bakery,
          uniq_grum
D:9:      layout_loops_ring
D:10:     layout_basic, erik_orc_3
D:11:     layout_grid_maze, lair_entry_dummy, chequers_serial_rivers_room_a,
          nemelex_xobeh_ov_fountains_minmay
D:12:     cheibrodos_quadrivalence, layout_basic
D:13:     layout_cave_pools, enter_bailey_2
D:14:     layout_grid_maze, erik_vaults_2, fedhas_altar_2, uniq_azrael,
          uniq_frances
D:15:     hangedman_depths_entry_try_elsewhere_first, layout_irregular_city,
          chequers_arboretum, uniq_kirke
Temple:   grunt_wide_crystal_templ
Lair:1:   layout_big_grid, serial_bayou, serial_bayou_ford_a,
          serial_bayou_shore_b, serial_bayou_lake_a, serial_bayou_pond_a,
          gauntlet_entry_generic, chequers_serial_rivers_micro_e,
          uniq_gastronok, uniq_erica
Gauntlet: minmay_gauntlet_mixed_big_or_small [nicolae_gauntlet_arena_x,
          minmay_gauntlet_arena_77_two_paths, gammafunk_gauntlet_arena_crates,
          minmay_gauntlet_arena_77_two_lines, gammafunk_gauntlet_arena_teeth,
          minmay_gauntlet_arena_77_shame_cube, gauntlet_exit_hidden_loot]

Skill      XL: |  1  2  3  4  5  6  7  8  9 10 11 12 13 14 |
---------------+-------------------------------------------+-----
Armour         | 1 2 3 4 5 6 7 8 |  8.8
Spellcasting   | 4 5 6 7 8 10 11 12 | 12.7
Conjurations   | 2 3 4 5 6 7 9 10 | 10.4
Air Magic      | 4 5 6 7 8 9 11 | 11.8
Fighting       | 1 2 3 4 5 6 7 8 9 |  9.0
Short Blades   | 2 3 4 |  4.0
Evocations     | 2 3 5 6 |  6.0
Fire Magic     | 1 3 4 |  4.0
Charms         | 1 |  1.5
Necromancy     | 1 |  1.1
Ice Magic      | 4 7 |  7.0
Long Blades    | |  0.7
Dodging        | |  2.4
Stealth        | |  2.4
Transmutations | |  0.4
Earth Magic    | |  0.2

Action                   |  1- 3 |  4- 6 |  7- 9 | 10-12 | 13-15 || total
-------------------------+-------+-------+-------+-------+-------++-------
Melee: Dagger            |       |       |    11 |    24 |       ||    35
       Staff             |       |       |       |     1 |     2 ||     3
       Falchion          |       |       |       |       |    29 ||    29
Throw: Javelin           |       |     1 |       |       |       ||     1
 Cast: Shock             |   105 |   150 |   225 |   588 |    55 ||  1123
       Swiftness         |       |     2 |       |     3 |     2 ||     7
       Airstrike         |       |     9 |    46 |   166 |   129 ||   350
       Static Discharge  |       |       |     3 |    20 |     9 ||    32
       Animate Skeleton  |       |       |     3 |    17 |    29 ||    49
       Conjure Flame     |       |       |       |    13 |     3 ||    16
       Lightning Bolt    |       |       |       |     5 |    11 ||    16
       Regeneration      |       |       |       |     7 |     6 ||    13
       Freezing Cloud    |       |       |       |     1 |    12 ||    13
       Fireball          |       |       |       |       |     4 ||     4
       Passwall          |       |       |       |       |     1 ||     1
Evoke: Wand              |       |     4 |       |     8 |    12 ||    24
       Lightning rod     |       |       |       |       |     4 ||     4
  Use: Scroll            |       |     1 |    10 |    10 |    12 ||    33
       Potion            |       |       |     2 |     2 |     2 ||     6
  Eat: Chunk             |     4 |     6 |    12 |    30 |    18 ||    70
       Ration            |       |     2 |     1 |       |       ||     3
Armor: Leather armour    |     7 |     6 |       |       |       ||    13
       Ring mail         |       |     1 |     3 |       |       ||     4
       Skin              |       |       |     6 |       |       ||     6
       Troll leather arm |       |       |    11 |   102 |    29 ||   142
       Chain mail        |       |       |     5 |    18 |       ||    23
Dodge: Dodged            |    17 |    17 |    43 |   145 |    54 ||   276
       Rpst.: Falchion   |       |       |       |       |     5 ||     5

Table legend:
 A = Non-vault XP
 B = Vault XP
 C = Vault XP percentage of total XP
 D = Non-vault monster count
 E = Vault monster count
 F = Vault count percentage of total count
                 A         B        C        D         E       F
            +---------+---------+-------+---------+---------+-------
      Total |   45401 |   29341 |  39.3 |     368 |     105 |  22.2
            +---------+---------+-------+---------+---------+-------
        D:1 |      30 |       0 |   0.0 |      18 |       0 |   0.0
        D:2 |      32 |       0 |   0.0 |      12 |       0 |   0.0
        D:3 |     110 |       2 |   1.8 |      24 |       1 |   4.0
        D:4 |      55 |       0 |   0.0 |       8 |       0 |   0.0
        D:5 |     448 |     146 |  24.6 |      16 |       3 |  15.8
        D:6 |     743 |     929 |  55.6 |      21 |      13 |  38.2
        D:7 |    2092 |     720 |  25.6 |      33 |       8 |  19.5
        D:8 |     797 |    1448 |  64.5 |      19 |      13 |  40.6
        D:9 |    2858 |       0 |   0.0 |      29 |       0 |   0.0
       D:10 |    2887 |     313 |   9.8 |      29 |       8 |  21.6
       D:11 |    7470 |       0 |   0.0 |      43 |       0 |   0.0
       D:12 |    4292 |       0 |   0.0 |      36 |       0 |   0.0
       D:13 |    5658 |       0 |   0.0 |      26 |       0 |   0.0
       D:14 |    6975 |   12706 |  64.6 |      19 |      15 |  44.1
       D:15 |   10555 |    5065 |  32.4 |      32 |       8 |  20.0
     Lair:1 |     399 |       0 |   0.0 |       3 |       0 |   0.0
    Ossuary |       0 |      54 | 100.0 |       0 |      16 | 100.0
     Bailey |       0 |    6257 | 100.0 |       0 |      11 | 100.0
   Gauntlet |       0 |    1701 | 100.0 |       0 |       9 | 100.0
            +---------+---------+-------+---------+---------+-------
